 Dungeon Crawl Stone Soup version 0.29-a0-338-g1ff7896281 (webtiles) character file.

Game seed: 4430066999766828287

996 Jortsu the Cudgeller (level 7, -1/70 HPs)
             Began as a Troll Fighter on Apr 19, 2022.
             Was a High Priest of Jiyva.
             Slain by a troll (5 damage)
             ... on level 7 of the Dungeon.
             The game lasted 00:08:37 (5068 turns).

Jortsu the Cudgeller (Troll Fighter)                Turns: 5068, Time: 00:08:38

Health: -1/70      AC:  4    Str: 31    XL:     7   Next: 99%
Magic:  6/6        EV: 10    Int:  8    God:    Jiyva [*****.]
Gold:   247        SH: 10    Dex: 15    Spells: 6/6 levels left

rFire   . . .      SeeInvis .   a - +1 flail
rCold   . . .      Faith    .   c - +1 kite shield
rNeg    . . .      Spirit   .   b - +0 robe
rPois   .          Reflect  .   (helmet restricted)
rElec   .          Harm     .   (no cloak)
rCorr   +          Rampage  .   (gloves unavailable)
Will    .....                   (boots unavailable)
Stlth   +++.......              (no amulet)
HPRegen 2.45/turn               w - +6 ring of dexterity
MPRegen 0.55/turn               (no ring)

@: no status effects
A: large, unfitting armour, claws 3, regeneration 1, shaggy fur 1, tough skin 1,
clever 2, strong 2, translucent skin 1, jelly sensing items, MP-powered wands,
sturdy frame 1
a: Renounce Religion, Oozemancy, Slimify


You were on level 7 of the Dungeon.
You worshipped Jiyva.
Jiyva was extremely pleased with you.
You visited 1 branch of the dungeon, and saw 7 of its levels.
You also visited: Sewer.

You collected 247 gold pieces.

Inventory:

Hand Weapons
 a - a +1 flail (weapon)
Armour
 b - a +0 robe (worn)
 c - a +1 kite shield (worn)
Jewellery
 f - a ring of fire
 w - a +6 ring of dexterity (left claw)
Wands
 l - a wand of charming (12)
 o - a wand of paralysis (7)
Scrolls
 e - 3 scrolls of teleportation
 g - 3 scrolls of fog
 p - a scroll of enchant weapon
 t - a scroll of blinking
Potions
 d - a potion of might
 h - 2 potions of lignification
 i - a potion of mutation
 j - a potion of magic
 k - a potion of heal wounds
 m - 2 potions of flight
 n - a potion of haste {unknown}
 q - a potion of brilliance {unknown}
 s - 3 potions of curing {unknown}
 u - a potion of resistance {unknown}
 x - a potion of attraction {unknown}
 z - a potion of berserk rage {unknown}


   Skills:
 + Level 4.1 Fighting
 + Level 5.6 Maces & Flails
 + Level 3.9 Dodging
 + Level 1.0 Stealth
 + Level 4.0 Shields


You had 6 spell levels left.
You didn't know any spells.
Your spell library contained the following spells:

 Spells                   Type           Power      Damage    Failure   Level
 Magic Dart               Conj           0%         1d3       69%         1
 Pain                     Necr           0%         1d4       69%         1
 Shock                    Conj/Air       0%         1d3       69%         1
 Searing Ray              Conj           0%         2d4       83%         2
 Swiftness                Air            0%         N/A       96%         3
 Airstrike                Air            0%         N/A       100%        4
 Iskenderun's Mystic Bla  Conj/Tloc      0%         2d3       100%        4
 Agony                    Necr           0%         N/A       100%        5
 Excruciating Wounds      Necr           0%         N/A       100%        5


Dungeon Overview and Level Annotations

Branches:
Dungeon (7/15)             Temple (0/1) D:6           Sewer (visited)

Altars:
Ashenzari
Nemelex Xobeh
Ru
Zin
Jiyva


Innate Abilities, Weirdness & Mutations

You are too large for most types of armour.
You have claws for hands.
Your natural rate of healing is unusually fast.
You are covered in fur. (AC +1)
You have tough skin. (AC +1)
Your mind is very acute. (Int +4)
Your muscles are very strong. (Str +4)
Your translucent skin slightly reduces your foes' accuracy. (Stealth+)
You have a small jelly attached to you that senses nearby items.
You expend magic power (3 MP) to strengthen your wands.
Your movements are slightly less encumbered by armour. (ER -2)


Message History

There is a stone staircase leading up here.
You see here a +0 fustibalus.
You hear a distant slurping noise.
You now have 247 gold pieces (gained 14).
You swap places.
You hear a distant slurping noise.
A white imp comes into view.
The white imp shouts, "Slither away, thou tottering rude-growing swadder!"
You hear a shout!
You hear a distant slurping noise.
A troll comes into view.
You hear a distant slurping noise.
The white imp gestures at you. The puff of frost hits you!
The white imp gestures at you. The puff of frost hits you!
You sock the white imp!
You kill the white imp!
You closely miss the troll. The troll bites you! You block the troll's attack.
The troll claws you!
You hit the troll but do no damage. The troll barely misses you.
You block the troll's attack. The troll claws you. The troll misses you.
You block the troll's attack. The troll barely misses you.
You barely miss the troll.
You hear a distant slurping noise.
The troll bites you! The troll claws you! You block the troll's attack.
Jiyva gurgles merrily.
You closely miss the troll. The troll bites you. You block the troll's attack.
The troll claws you.
You sock the troll!
The troll is moderately wounded.
The troll bites you!
* * * LOW HITPOINT WARNING * * *
You block the troll's attack. The troll claws you!
* * * LOW HITPOINT WARNING * * *
You hit the troll.
The troll is heavily wounded.
You hear a distant slurping noise.
You block the troll's attack. x2; The troll closely misses you.
The troll bites you.
You die...

#####.#.####.#
#.#...##.#
#.###.##.#
#........#
####..####
#.....# #####...#
.........##
.........@#
..........T......
...........J.#.#.
.......#.......
.......#......##
.....J.#.#......
......#......###
..J ## #...#


You could see a troll and 3 neutral jellies (fellow slime).

Vanquished Creatures
  Prince Ribbit (D:5)
  A centaur (D:7)
  A phantom (D:5)
  Blork the orc (D:5)
  A scorpion (D:5)
  A gnoll sergeant (D:5)
  2 hounds
  3 orc priests (D:6)
  2 iguanas
  3 gnolls
  11 adders
  4 river rats (Sewer)
  3 white imps
  An ufetubus (D:6)
  2 worms (D:2)
  2 dart slugs
  10 orcs
  4 endoplasms
  6 giant cockroaches
  A goblin (D:2)
  6 hobgoblins
  10 jackals
  4 kobolds
  4 quokkas
  8 ball pythons
  3 bats
  2 frilled lizards (Sewer)
  17 rats
114 creatures vanquished.

Vanquished Creatures (others)
  A bullfrog (D:7)
  4 jellies
  An iguana (D:6)
  An adder (D:3)
  8 orcs
  A ball python (D:3)
  A jackal (D:3)
  A kobold (D:3)
  A bat (D:3)
  A fungus (D:3)
  A plant (D:3)
21 creatures vanquished.

Grand Total: 135 creatures vanquished

Notes
Turn   | Place    | Note
-------+----------+-------------------------------------------
     0 | D:1      | Jortsu the Troll Fighter began the quest for the Orb.
     0 | D:1      | Reached XP level 1. HP: 22/22 MP: 0/0
   169 | D:1      | Reached XP level 2. HP: 29/29 MP: 1/1
   716 | D:2      | Reached skill level 2 in Maces & Flails
   866 | D:2      | Reached XP level 3. HP: 13/36 MP: 2/2
  1020 | D:2      | Found a sparkling altar of Nemelex Xobeh.
  1147 | D:2      | Reached XP level 4. HP: 37/45 MP: 3/3
  1285 | D:2      | Got Bouriss's Almanac of Confrontation
  1528 | D:3      | Found a glowing drain.
  1532 | Sewer    | Entered a sewer
  1576 | Sewer    | Reached skill level 3 in Maces & Flails
  1669 | Sewer    | Reached XP level 5. HP: 31/53 MP: 4/4
  2142 | D:3      | Found a faded altar of an unknown god.
  2159 | D:3      | Prayed at the altar of an unknown god.
  2159 | D:3      | Became a worshipper of Jiyva Jostriro the Shapeless
  2159 | D:3      | Reached * piety under Jiyva
  2509 | D:3      | Found a sacrificial altar of Ru.
  2512 | D:3      | Reached ** piety under Jiyva
  3224 | D:4      | Identified the +0 robe of Impressiveness {Harm rC+++ Int-3
                  | SInv}
  3251 | D:4      | Found a broken altar of Ashenzari.
  3289 | D:4      | Reached *** piety under Jiyva
  3363 | D:4      | Gained mutation: You expend magic power (3 MP) to
                  | strengthen your wands. [Jiyva's grace]
  3363 | D:4      | Gained mutation: Your muscles are strong. (Str +2) [Jiyva's
                  | grace]
  3363 | D:4      | Gained mutation: Your muscles are very strong. (Str +4)
                  | [Jiyva's grace]
  3363 | D:4      | Gained mutation: Your translucent skin slightly reduces
                  | your foes' accuracy. (Stealth+) [Jiyva's grace]
  3487 | D:5      | Entered Level 5 of the Dungeon
  3487 | D:5      | Noticed a phantom
  3498 | D:5      | Killed a phantom
  3499 | D:5      | Reached XP level 6. HP: 57/61 MP: 5/5
  3506 | D:5      | Noticed Blork the orc
  3522 | D:5      | Killed Blork the orc
  3523 | D:5      | Reached skill level 4 in Maces & Flails
  3772 | D:6      | Reached XP level 7. HP: 64/68 MP: 6/6
  3824 | D:5      | Reached **** piety under Jiyva
  3873 | D:5      | Found a glowing silver altar of Zin.
  4042 | D:5      | Noticed Prince Ribbit
  4055 | D:5      | Killed Prince Ribbit
  4056 | D:5      | Reached skill level 5 in Maces & Flails
  4776 | D:6      | Found a staircase to the Ecumenical Temple.
  4912 | D:7      | Noticed a six-headed hydra
  5000 | D:7      | Reached ***** piety under Jiyva
  5000 | D:7      | Gained mutation: You have a small jelly attached to you
                  | that senses nearby items. [Jiyva's grace]
  5000 | D:7      | Gained mutation: Your mind is acute. (Int +2) [Jiyva's
                  | grace]
  5000 | D:7      | Gained mutation: Your mind is very acute. (Int +4) [Jiyva's
                  | grace]
  5000 | D:7      | Gained mutation: Your movements are slightly less
                  | encumbered by armour. (ER -2) [Jiyva's grace]
  5026 | D:7      | Reached skill level 1 in Stealth
  5059 | D:7      | Noticed a troll
  5067 | D:7      | HP: 1/70 [troll (10)]
  5068 | D:7      | Slain by a troll

Illustrated notes

Levels and vault maps discovered:
D:1:      lightli_arrival_noodles, layout_basic, lemuel_old_faithful
D:2:      layout_loops_ring, basic_altar
D:3:      layout_basic, hangedman_ru_absence, gup_sewer_entry_bowl,
          shapermc_ecumenical_altar_ellora
D:4:      layout_gridville, evilmike_ruin_ashenzari, serial_glass,
          glass_columns_b, glass_columns_a, hangedman_abyss_or_decor_lesser_grid
D:5:      layout_basic, kennysheep_mini, skrybe_limestone_x, uniq_blork_the_orc,
          uniq_prince_ribbit1
D:6:      layout_basic, minmay_temple_entry_glassed_door, minmay_misc_feat_five,
          kennysheep_generic_room_6
D:7:      layout_basic, hangedman_glass_teeth

Skill      XL: |  1  2  3  4  5  6  7 |
---------------+----------------------+-----
Maces & Flails | 2 3 4 5 |  5.6
Fighting       | 3 4 |  4.1
Shields        | 3 4 |  4.0
Dodging        | 3 |  3.9
Stealth        | 1 |  1.0

Action                   |  1- 3 |  4- 6 |  7- 9 || total
-------------------------+-------+-------+-------++-------
Melee: Flail             |    98 |   223 |    84 ||   405
  Use: Scroll            |     4 |    10 |     2 ||    16
       Potion            |       |       |     1 ||     1
 Stab: Sleeping          |       |     2 |       ||     2
Armor: Robe              |    36 |    81 |    14 ||   131
Dodge: Dodged            |    44 |   110 |    50 ||   204
Block: Kite shield       |    43 |    99 |    61 ||   203

Table legend: (Time is in decaauts)
 A = Elapsed time spent in this place.
 B = Non-inter-level travel time spent in this place.
 C = Inter-level travel time spent in this place.
 D = Time resting spent in this place.
 E = Time spent auto-exploring this place.
 F = Levels seen in this place.
 G = Mean time per level.
                   A        B        C        D        E       F      G
               +--------+--------+--------+--------+--------+-----+--------+
         Total |   5274 |   5139 |    135 |    302 |   3483 |   8 |  659.2 |
       Dungeon |   4790 |   4655 |    135 |    302 |   3224 |   7 |  684.3 |
         Sewer |    484 |    484 |      0 |      0 |    259 |   1 |  484.0 |
               +--------+--------+--------+--------+--------+-----+--------+

Top non-repeatable levels by time:
     D:3: 1140 daAuts
     D:6: 789 daAuts
     D:2: 764 daAuts
     D:5: 704 daAuts
     D:1: 686 daAuts
     D:4: 573 daAuts
   Sewer: 484 daAuts
     D:7: 131 daAuts
